 Dungeon Sprint DCSS version 0.28-a0-863-g8cecda6153 (webtiles) character file.

Game seed: 1632829670512231415

11064 kae the Unseen (level 11, -10/62 HPs)
             Began as a Spriggan Enchanter on Nov 18, 2021.
             Was the Champion of Dithmenos.
             Mangled by a fire giant (40 damage)
             ... in the Dungeon (Sprint I: "Red Sonja").
             The game lasted 00:05:04 (3145 turns).

kae the Unseen (Spriggan Enchanter)                 Turns: 3145, Time: 00:05:05

Health: -10/62     AC:  3    Str:  7    XL:     11   Next: 44%
Magic:  25/29      EV: 27    Int: 17    God:    Dithmenos [******]
Gold:   892        SH:  0    Dex: 16    Spells: 25/36 levels left

rFire   . . .      SeeInvis +   a - +1 dagger
rCold   . . .      Faith    .   (shield restricted)
rNeg    . . .      Spirit   .   b - +1 robe
rPois   .          Reflect  .   (helmet restricted)
rElec   .          Harm     .   (no cloak)
rCorr   .          Rampage  .   (gloves unavailable)
Will    +....      NoTele   +   (boots unavailable) Stlth ***+++++++
                                t - amulet of regeneration
HPRegen 1.20/turn               (no ring)
MPRegen 0.21/turn               (no ring)

@: wreathed by umbra, very quick
A: very small, no large weapons, unfitting armour, see invisible, speed 3
a: Renounce Religion, Shadow Step, Shadow Form


You were in the Dungeon.
You worshipped Dithmenos.
Dithmenos was exalted by your worship.
You visited 1 branch You collected 1809 gold pieces.
You spent 917 gold pieces at shops.

Inventory:

Hand Weapons
 a - a +1 dagger (weapon)
 k - a +0 dagger of draining
Armour
 b - a +1 robe (worn)
Jewellery
 l - the ring of Day {Fire Fly Str+3}
   (You found it in the Dungeon)

   [ring of fire]

   It enhances your fire magic.
   Str:       It affects your strength (+3).
   rF:        It protects you from fire.
   rC:        It makes you vulnerable to cold.
   Fly:       It grants you flight.
 t - an amulet of regeneration (around neck)
Wands
 m - a wand of flame (10)
Scrolls
 i - 2 scrolls of blinking
 s - a scroll of holy word
Potions
 c - a potion of might
 d - 3 potions of curing
 e - a potion of heal wounds
 f - a potion of haste
 g - 2 potions of magic
 h - a potion of berserk rage
 j - 2 potions of invisibility
 o - a potion of mutation
 p - a potion of lignification
 r - 2 potions of cancellation
 u - a potion of brilliance
 z - a potion of ambrosia


   Skills:
 + Level 9.4 Fighting
 * Level 16.7 Short Blades
 + Level 14.5 Dodging
 + Level 17.3 Stealth
 + Level 13.3 Spellcasting
 + Level 13.7 Hexes


You had 25 spell levels left.
You knew the following spells:

 Your Spells              Type           Power      Damage    Failure   Level
a - Ensorcelled Hibernat  Hex/Ice        68%        N/A       1%          2
b - Confusing Touch       Hex            55%        N/A       1%          3
c - Dazzling Flash        Conj/Hex       68%        N/A       1%          3
d - Tukima's Dance        Hex            55%        N/A       1%          3

Your spell library contained the following spells:

 Spells                   Type           Power      Damage    Failure   Level


Dungeon Overview and Level Annotations

Branches:
Dungeon (1/1)

Altars:
Cheibriados
Dithmenos
Elyvilon
Fedhas
Gozag
Hepliaklqana
Kikubaaqudgha
Makhleb
Nemelex Xobeh
Okawaru
Qazlal
Ru
Sif Muna
Trog
Uskayaw
Vehumet
Wu Jian
Xom
Yredelemnul
Zin
The Shining One
Jiyva
Lugonu

Shops:
D !!?([*[(?*=*(![(


Innate Abilities, Weirdness & Mutations

You are very small and have problems with some larger weapons.
You are too small for most types of armour.
You have supernaturally acute eyesight. (SInv)
You cover ground extremely quickly. (Speed+++)


Message History

The fire giant casts a spell at you. The bolt of fire misses you.
The fire giant points at you and mumbles some strange words.
The bolt of fire misses you.
There is an open door here.
You close the door.
There is an open door here.
You close the door.
You start waiting.
Done waiting.
You start waiting.
Done waiting.
You open the door.
There is an open door here.
There is an open door here.
You close the door.
You start waiting.
The fire giant shouts!
The fire giant hits you with a +2 great sword of flaming!!
You emit a cloud of dark smoke.
The fire giant burns you!
You hear a shout! x2
There is an open door, spattered with blood here.
Casting: Confusing Touch (safe; 1% risk of failure)
Confirm with . or Enter, or press ? or * to list all spells.
Aiming: Ensorcelled Hibernation (safe; 1% risk of failure)
Press: ? - help, Shift-Dir - straight line, f - fire giant
Aim: a fire giant, wielding a +2 great sword of flaming (black smoke, chance to affect: 15%)
The fire giant resists with almost no effort.
Your shadow mimicks your spell!
The fire giant resists with almost no effort.
The fire giant shouts!
Casting: Ensorcelled Hibernation (safe; 1% risk of failure)
Confirm with . or Enter, or press ? or * to list all spells.
Aiming: Ensorcelled Hibernation (safe; 1% risk of failure)
Press: ? - help, Shift-Dir - straight line, f/p - fire giant
Aim: a fire giant, wielding a +2 great sword of flaming (black smoke, chance to affect: 15%)
The fire giant resists with almost no effort.
The fire giant hits you with a +2 great sword of flaming!!!
Ouch! That really hurt!
You die...

###############################**
'..)#.)#.§§.§.§§.§.)..#.)+§$§§#,,
#...##'#§####§§§§§##..'..#§$$$#*,
#)..'.§#.#,*##§§§#######'#§§$$§#*
#####..§.#+*,###@#§..##..#$§§§$#,
#..##+####,,,*,#C##$..#..##$$$$#,
'§.#,,,,,*,,,**#C§###.#..≈###+##,
#.§#,,,,,+,,,,,##.#A#.#..≈e)*,***
##§###,,,*,,,,,#..###.#..≈.##+*,,
##§§.#,,,***++*#C##..C#..≈##,,,,,
.###§#,,***,,**#..#'###..≈#,,,,,,
.∩##.#,,****,,*##...#,≈..##,,,,,,
####§#*+*,,*,,*,###.#,≈m.#,,,,,,,


You could see 2 fire giants.

Vanquished Creatures
  A hydra (D)
  2 centaur warriors (D)
  Sonja (D)
  A deep troll (D)
  A lindwurm (D)
  An oklob plant (D)
  2 merfolk sirens (D)
  7 unseen horrors (D)
  2 kobold demonologists (D)
  A demonic crawler (D)
  A hellwing (D)
  A hornet (D)
  A slime creature (D)
  Sigmund (D)
  2 redbacks (D)
  13 hogs (D)
  A yak (D)
  3 floating eyes (D)
  An ogre (D)
  7 necrophages (D)
  8 jellies (D)
  Ijyb (D)
  A ballistomycete spore (D)
60 creatures vanquished.

Vanquished Creatures (others)
  A ballistomycete spore (D)
1 creature vanquished.

Grand Total: 61 creatures vanquished

Notes
Turn   | Place    | Note
-------+----------+-------------------------------------------
     0 | D        | kae the Spriggan Enchanter began the quest for the Orb.
     0 | D        | Reached XP level 1. HP: 9/9 MP: 5/5
     2 | D        | Noticed Ijyb
     9 | D        | Killed Ijyb
    10 | D        | Reached skill level 1 in Fighting
    10 | D        | Reached skill level 5 in Stealth
    10 | D        | Reached XP level 2. HP: 14/14 MP: 5/7
    12 | D        | Noticed an ogre
    16 | D        | Killed an ogre
    17 | D        | Reached skill level 5 in Short Blades
    17 | D        | Reached skill level 5 in Dodging
    17 | D        | Reached skill level 6 in Stealth
    17 | D        | Reached skill level 5 in Hexes
    17 | D        | Reached XP level 3. HP: 19/19 MP: 6/10
    17 | D        | Reached XP level 4. HP: 23/23 MP: 6/11
    17 | D        | Noticed Sigmund
    26 | D        | Killed Sigmund
    27 | D        | Reached skill level 8 in Stealth
    27 | D        | Reached XP level 5. HP: 29/29 MP: 7/14
    27 | D        | Reached XP level 6. HP: 33/33 MP: 8/16
    33 | D        | Found a shimmering blue altar of Sif Muna.
    34 | D        | Found an ornate altar of the Wu Jian Council.
    35 | D        | Found a radiant altar of Vehumet.
    40 | D        | Learned a level 2 spell: Ensorcelled Hibernation
    65 | D        | Found Mumm's Distillery.
    65 | D        | Found an ancient bone altar of Kikubaaqudgha.
    65 | D        | Found a hazy altar of Hepliaklqana.
    65 | D        | Found a stormy altar of Qazlal.
    65 | D        | Found a hide-covered altar of Uskayaw.
    65 | D        | Found a blossoming altar of Fedhas.
    65 | D        | Found a bloodstained altar of Trog.
    65 | D        | Found an iron altar of Okawaru.
    65 | D        | Found a basalt altar of Yredelemnul.
    65 | D        | Found a glowing golden altar of the Shining One.
    65 | D        | Found a snail-covered altar of Cheibriados.
    65 | D        | Found a sacrificial altar of Ru.
    65 | D        | Found a glowing silver altar of Zin.
    65 | D        | Found a shadowy altar of Dithmenos.
    65 | D        | Found a white marble altar of Elyvilon.
    65 | D        | Noticed a yak
    66 | D        | Found an opulent altar of Gozag.
    67 | D        | Killed a yak
    68 | D        | Reached skill level 9 in Stealth
    68 | D        | Found a sparkling altar of Nemelex Xobeh.
    74 | D        | Became a worshipper of Dithmenos the Shadowed
   144 | D        | Found a burning altar of Makhleb.
   144 | D        | Found a viscous altar of Jiyva.
   144 | D        | Found a shimmering altar of Xom.
   144 | D        | Found a corrupted altar of Lugonu.
   144 | D        | Noticed a slime creature
   147 | D        | Killed a slime creature
   148 | D        | Reached skill level 10 in Stealth
   148 | D        | Reached XP level 7. HP: 38/38 MP: 19/19
   160 | D        | Bought a potion of invisibility for 104 gold pieces
   180 | D        | Noticed Sonja
   186 | D        | Killed Sonja
   187 | D        | Reached skill level 5 in Fighting
   187 | D        | Reached skill level 10 in Short Blades
   187 | D        | Reached skill level 11 in Stealth
   187 | D        | Reached XP level 8. HP: 42/44 MP: 17/21
   339 | D        | Noticed a deep troll
   343 | D        | Killed a deep troll
   343 | D        | Reached * piety under Dithmenos
   344 | D        | Reached skill level 10 in Dodging
   344 | D        | Reached skill level 12 in Stealth
   353 | D        | Found Sapt's Armour Emporium.
   383 | D        | Noticed a centaur warrior
   385 | D        | Noticed a centaur warrior
   387 | D        | Killed a centaur warrior
   388 | D        | Reached skill level 13 in Stealth
   388 | D        | Reached skill level 10 in Hexes
   388 | D        | Reached XP level 9. HP: 49/49 MP: 23/23
   389 | D        | Killed a centaur warrior
   390 | D        | Reached skill level 10 in Spellcasting
   400 | D        | Reached ** piety under Dithmenos
   404 | D        | Noticed an oklob plant
   406 | D        | Killed an oklob plant
   407 | D        | Reached skill level 14 in Stealth
   457 | D        | Reached *** piety under Dithmenos
   522 | D        | Noticed an unseen horror
   523 | D        | Noticed an unseen horror
   529 | D        | Killed an unseen horror
   530 | D        | Reached XP level 10. HP: 55/55 MP: 24/26
   551 | D        | Reached **** piety under Dithmenos
   591 | D        | Reached ***** piety under Dithmenos
   745 | D        | Learned a level 3 spell: Confusing Touch
   749 | D        | Learned a level 3 spell: Dazzling Flash
   753 | D        | Learned a level 3 spell: Tukima's Dance
   764 | D        | Paralysed by a floating eye for 3 turns
   813 | D        | Reached skill level 15 in Stealth
   826 | D        | Identified the +0 crystal plate armour of the Tundras
                  | {+Blink rElec rPois Int-4}
   836 | D        | Found Wekaiq's Magic Scroll Shoppe.
   836 | D        | Found Momet's Distillery.
   836 | D        | Found Zimoc's Weapon Boutique.
   838 | D        | Found Keaditink's Armour Emporium.
   838 | D        | Found Arum's Assorted Antiques.
   838 | D        | Found Fuosh's Antique Armour Shoppe.
   838 | D        | Found Kyacro's Weapon Boutique.
   838 | D        | Found Oklot's Magic Scroll Emporium.
   838 | D        | Found Dick's Assorted Antiques.
   838 | D        | Found Jeipedos's Jewellery Shoppe.
   840 | D        | Found Xuliwor's General Store.
   841 | D        | Found Tomohapp's Distillery.
   841 | D        | Found Ruxerauth's Weapon Boutique.
   842 | D        | Bought a potion of invisibility for 232 gold pieces
   842 | D        | Bought a scroll labelled ELUALUL LUCLEX for 29 gold pieces
   842 | D        | Bought a scroll labelled ZUOSHR CUN DOTH for 29 gold pieces
   842 | D        | Bought a scroll labelled ELUALUL LUCLEX for 29 gold pieces
   842 | D        | Bought a white potion for 26 gold pieces
   842 | D        | Bought a runed soapstone amulet for 145 gold pieces
   842 | D        | Found Mem Cileugu's Antique Weapon Emporium.
   845 | D        | Bought 3 scrolls of identify for 72 gold pieces
   846 | D        | Bought a fuming blue potion for 27 gold pieces
   846 | D        | Bought a scroll labelled MEICHUPPOZ for 30 gold pieces
   846 | D        | Bought a scroll labelled LETEYHEOSHRO for 30 gold pieces
   846 | D        | Bought a scroll labelled HUGGUM ITYF for 30 gold pieces
   846 | D        | Bought a scroll labelled ZUOSHR CUN DOTH for 30 gold pieces
   862 | D        | Bought a potion of invisibility for 104 gold pieces
   921 | D        | Reached ****** piety under Dithmenos
  2344 | D        | Noticed a lindwurm
  2346 | D        | Killed a lindwurm
  2347 | D        | Reached skill level 15 in Short Blades
  2396 | D        | Reached skill level 16 in Stealth
  2404 | D        | Reached XP level 11. HP: 60/60 MP: 5/28
  2576 | D        | Noticed a daeva
  2594 | D        | Noticed a fire giant
  2615 | D        | Identified the ring of Day {Fire Fly Str+3}
  2670 | D        | Noticed a 12-headed hydra
  2672 | D        | Killed a 12-headed hydra
  2673 | D        | Reached skill level 17 in Stealth
  2726 | D        | Noticed a deep elf annihilator
  2906 | D        | Noticed a fire giant
  2907 | D        | Noticed a fire giant
  2907 | D        | Noticed a fire giant
  3145 | D        | Mangled by a fire giant

Illustrated notes

Levels and vault maps discovered:
D:        dungeon_sprint_1 [red_sonja_temple_1, red_sonja_temple_small_1]

Skill      XL: |  1  2  3  4  5  6  7  8  9 10 11 |
---------------+----------------------------------+-----
Fighting       | 1 2 3 4 5 6 7 8 9 |  9.4
Short Blades   | 3 5 7 9 10 12 13 15 16 | 16.7
Dodging        | 3 5 6 8 9 10 12 13 14 | 14.5
Stealth        | 5 6 8 10 11 13 14 16 17 | 17.3
Spellcasting   | 3 4 6 7 8 9 11 12 13 | 13.3
Hexes          | 4 5 6 7 8 10 11 12 13 | 13.7

Action                   |  1- 3 |  4- 6 |  7- 9 | 10-12 || total
-------------------------+-------+-------+-------+-------++-------
Melee: Dagger            |     6 |    12 |    14 |   142 ||   174
 Cast: Ensorcelled Hiber |       |     1 |     6 |    36 ||    43
       Dazzling Flash    |       |       |       |     3 ||     3
       Confusing Touch   |       |       |       |     3 ||     3
Evoke: Wand              |       |       |       |     1 ||     1
  Use: Potion            |     1 |       |       |     1 ||     2
       Scroll            |       |       |       |    12 ||    12
 Stab: Invisible         |     2 |     1 |       |     2 ||     5
       Sleeping          |     2 |     3 |    10 |    39 ||    54
       Confused          |       |       |       |     2 ||     2
Armor: Robe              |       |       |       |     2 ||     2
Dodge: Dodged            |     4 |     3 |     9 |   115 ||   131

Table legend: (Time is in decaauts)
 A = Elapsed time spent in this place.
 B = Non-inter-level travel time spent in this place.
 C = Inter-level travel time spent in this place.
 D = Time resting spent in this place.
 E = Time spent auto-exploring this place.
 F = Levels seen in this place.
 G = Mean time per level.
                   A        B        C        D        E       F      G
               +--------+--------+--------+--------+--------+-----+--------+
         Total |   2837 |   2830 |      7 |   2123 |    165 |   1 | 2837.0 |
       Dungeon |   2837 |   2830 |      7 |   2123 |    165 |   1 | 2837.0 |
               +--------+--------+--------+--------+--------+-----+--------+

Top non-repeatable levels by time:
       D: 2837 daAuts
